Canadiens vs Blackhawks

Created - 14 octobre 2025 at 08:13

Goals
1 2 3 T
Canadiens 0 1 0 1
Blackhawks 3 1 2 6
Shots
1 2 3 T
Canadiens 5 20 11 36
Blackhawks 10 17 9 36

GoalsPenalties
1st period
1. Blackhawks , Nick Schmaltz 1 (Nathan MacKinnon 1) at 8:00
2. Blackhawks , Simon Holmstrom 2 (Erik Cernak 2, Mackenzie Blackwood) at 11:54
3. Blackhawks , Evan Rodrigues 2 (Noah Hanifin 2) at 14:29
Jack Johnson (MTL) for Hooking (Minor) at 2:27
Nathan MacKinnon (CHI) for High sticking (Minor) at 16:30
2nd period
4. Canadiens , Sean Couturier 2 (Kaiden Guhle 2) at 0:04
5. Blackhawks , Tanner Jeannot 2 (Derek Ryan 1, Charlie McAvoy 2) at 15:59
Kaiden Guhle (MTL) for Cross-checking (Minor) at 18:49
3rd period
6. Blackhawks , Derek Ryan 1 (Noel Acciari 1, Brandon Carlo 2) at 4:18
7. Blackhawks , Nathan MacKinnon 1 (Derek Ryan 2) at 5:29
Brandon Duhaime (MTL) for Holding (Minor) at 1:46
Goalie Stats
Spencer Knight (MTL), 30 saves from 36 shots - (0,833), L, 0-1-0, 60:00 minutes
Mackenzie Blackwood (CHI), 35 saves from 36 shots - (0,972), W, 2-1-0, 60:00 minutes
3 StarsOfficial
1 - Mackenzie Blackwood (CHI)
2 - Derek Ryan (CHI)
3 - Nick Schmaltz (CHI)
Referees : Jenn Berezowski and Andrew Bell
Linesman : Andrew Smith and Scott Cherrey
Game Note
No Game Note
Finance
Level 1 -- Attendance: 6000 (100%) -- Ticket Income $540,000
Level 2 -- Attendance: 4950 (99%) -- Ticket Income $247,500
Level 3 -- Attendance: 3911 (87%) -- Ticket Income $78,220
Level 4 -- Attendance: 4000 (100%) -- Ticket Income $60,000
Luxury Box -- Attendance: 1000 (100%) -- Ticket Income $180,000
Game was played at the United Center.
Total Attendance: 19861 (97%)
Total Ticket Income: $1,105,720
Other Income: $331,716
Total Income: $1,437,436



Team Name Goals Shots Shots Attemp Shots Blocked PIM HIT PP PK FO%
Canadiens 13668106230 / 1 (0%)038%
Blackhawks 6366672220 / 3 (0%)062%

Canadiens
Player Name POS G A P +/- PIM HIT SHT SB MP PP MP PP SHT PK MP PK SHT FO% FOT GA TA
Andrew MangiapaneLW000-4003011:420:0000:1400% 100
Barrett HaytonC/LW0000010015:170:5302:0600% 100
Brandon DuhaimeRW000-4222111:270:0000:0000% 000
Cole SillingerC000-4050011:210:0000:00038% 800
Dmitry KulikovD000-2021121:551:0103:1300% 001
Jack JohnsonD000-3211317:080:0000:0000% 000
Kaiden GuhleD0110203019:430:5802:0200% 001
K'Andre MillerD000-2012221:551:0103:1300% 001
Lawson CrouseLW/RW0000043121:281:0603:37043% 711
Luke HughesD000-3004018:280:0000:4200% 000
Marco RossiC0000001013:490:5300:38033% 1210
Mathew BarzalC/LW/RW0000012019:121:0601:2800% 121
Matias MaccelliLW/RW000-1011012:270:5300:00029% 702
Nick BjugstadC000-1011011:330:0000:0000% 000
Sam LaffertyC/LW/RW000-1001011:540:0000:1400% 000
Sean CouturierC1010015021:281:0603:37046% 2400
Simon BenoitD0000004220:560:5802:4400% 001
Tyson FoersterLW/RW0000032012:170:0000:0000% 000
Blackhawks
Player Name POS G A P +/- PIM HIT SHT SB MP PP MP PP SHT PK MP PK SHT FO% FOT GA TA
Alex WennbergC0001011016:513:0200:00038% 800
Alexandre CarrierD0002003122:282:2000:5000% 000
Boone JennerC0000012011:260:0000:110100% 200
Brandon CarloD0112010126:393:3701:0900% 002
Charlie McAvoyD0112021222:282:2000:5000% 001
Derek RyanC/RW123200308:400:0000:0000% 000
Erik CernakD0111020110:530:0000:0000% 000
Erik HaulaC/LW0001023017:463:0200:51050% 210
Evan RodriguesC/LW/RW1011046017:563:0211:010100% 100
Joel KivirantaLW0000000111:150:0000:0000% 000
Mats ZuccarelloLW/RW0002024022:002:5500:49067% 310
Nathan MacKinnonC1122205021:142:5500:00061% 4101
Nick SchmaltzC/LW/RW1012032122:172:5501:060100% 110
Noah HanifinD0112013026:393:3701:0900% 000
Noel AcciariC011200008:400:0000:000100% 300
Simon HolmstromLW/RW1010001011:150:0000:0000% 040
Tanner JeannotC/LW/RW101202208:400:0000:0000% 010
Will BorgenD0001010010:530:0000:0000% 000

Canadiens

5 vs 5 Forward
Line #Left WingCenterRight WingPHYDFOFWanted %Time %Time Play
1Lawson CrouseSean CouturierMathew Barzal0503332%16:52
2Barrett HaytonMarco RossiTyson Foerster0502324%12:18
3Andrew MangiapaneCole SillingerBrandon Duhaime0502222%11:21
4Nick BjugstadMatias MaccelliSam Lafferty5002222%11:33
5 vs 5 Defense
Line #DefenseDefensePHYDFOFWanted %Time %Time Play
1K'Andre MillerDmitry Kulikov0053434%17:31
2Kaiden GuhleSimon Benoit0323333%17:14
3Luke HughesJack Johnson0233333%17:09
4K'Andre MillerDmitry Kulikov04100%0:10
Power Play Forward
Line #Left WingCenterRight WingPHYDFOFWanted %Time %Time Play
1Lawson CrouseSean CouturierMathew Barzal0055155%1:06
2Barrett HaytonMarco RossiMatias Maccelli0144945%0:53
Power Play Defense
Line #DefenseDefensePHYDFOFWanted %Time %Time Play
1K'Andre MillerDmitry Kulikov0235851%1:01
2Kaiden GuhleSimon Benoit0234249%0:58
Penalty Kill 4 Players Forward
Line #CenterWingPHYDFOFWanted %Time %Time Play
1Sean CouturierLawson Crouse0416589%5:19
2Marco RossiBarrett Hayton1313511%0:38
Penalty Kill 4 Players Defense
Line #DefenseDefensePHYDFOFWanted %Time %Time Play
1K'Andre MillerDmitry Kulikov1316654%3:13
2Kaiden GuhleSimon Benoit1313446%2:44
Penalty Kill 3 Players
Line #WingPHYDFOFWanted %Time %Time PlayDefenseDefensePHYDFOFWanted %Time %Time Play
1Sean Couturier140580%0:00 K'Andre MillerDmitry Kulikov140580%0:00
2Marco Rossi140420%0:00 Kaiden GuhleSimon Benoit140420%0:00
4 vs 4 Forward
Line #CenterWingPHYDFOFWanted %Time %Time Play
1Sean CouturierLawson Crouse032700%0:00
2Marco RossiBarrett Hayton032300%0:00
4 vs 4 Defense
Line #DefensePHYDFOFWanted %Time %Time Play
1K'Andre MillerDmitry Kulikov032940%0:00
2Kaiden GuhleSimon Benoit03260%0:00
Last Minutes Offensive
Left WingCenterRight WingDefenseDefense
Lawson CrouseSean CouturierMathew BarzalK'Andre MillerDmitry Kulikov
Last Minutes Defensive
Left WingCenterRight WingDefenseDefense
Lawson CrouseSean CouturierMathew BarzalK'Andre MillerDmitry Kulikov
Time
Total ForwardTotal DefenseLast Minutes OffensiveLast Minutes Defensive
60:00 60:00 0:000:00
Extra Forwards
Normal PowerPlayPenalty Kill
Barrett Hayton, Andrew Mangiapane, Nick BjugstadBarrett Hayton, Andrew MangiapaneBarrett Hayton
Extra Defensemen
Normal PowerPlayPenalty Kill
Simon Benoit, Luke Hughes, Jack JohnsonSimon Benoit, Simon BenoitLuke Hughes
Penalty Shots
Lawson Crouse, Sean Couturier, Marco Rossi, Mathew Barzal, Barrett Hayton
Goalie
Spencer Knight, Justus Annunen
Scratches
Cutter Gauthier (Healthy), Ty Dellandrea (Healthy), Pontus Holmberg (Healthy), Dustin Tokarski (Healthy)

Blackhawks

5 vs 5 Forward
Line #Left WingCenterRight WingPHYDFOFWanted %Time %Time Play
1Nick SchmaltzNathan MacKinnonMats Zuccarello1224035%18:20
2Erik HaulaAlex WennbergEvan Rodrigues1223027%13:49
3Joel KivirantaBoone JennerSimon Holmstrom1222022%11:15
4Tanner JeannotNoel AcciariDerek Ryan1221017%8:40
5 vs 5 Defense
Line #DefenseDefensePHYDFOFWanted %Time %Time Play
1Noah HanifinBrandon Carlo1224040%20:39
2Charlie McAvoyAlexandre Carrier1223437%19:18
3Erik CernakWill Borgen1222021%10:53
4Noah HanifinBrandon Carlo12262%1:14
Power Play Forward
Line #Left WingCenterRight WingPHYDFOFWanted %Time %Time Play
1Nick SchmaltzNathan MacKinnonMats Zuccarello0056049%2:55
2Erik HaulaAlex WennbergEvan Rodrigues1044051%3:02
Power Play Defense
Line #DefenseDefensePHYDFOFWanted %Time %Time Play
1Noah HanifinBrandon Carlo0146061%3:37
2Charlie McAvoyAlexandre Carrier0144039%2:20
Penalty Kill 4 Players Forward
Line #CenterWingPHYDFOFWanted %Time %Time Play
1Nathan MacKinnonNick Schmaltz14060100%1:59
2Alex WennbergEvan Rodrigues140400%0:00
Penalty Kill 4 Players Defense
Line #DefenseDefensePHYDFOFWanted %Time %Time Play
1Noah HanifinBrandon Carlo1406058%1:09
2Charlie McAvoyAlexandre Carrier1404042%0:50
Penalty Kill 3 Players
Line #WingPHYDFOFWanted %Time %Time PlayDefenseDefensePHYDFOFWanted %Time %Time Play
1Nathan MacKinnon050600%0:00 Noah HanifinBrandon Carlo050600%0:00
2Alex Wennberg050400%0:00 Charlie McAvoyAlexandre Carrier050400%0:00
4 vs 4 Forward
Line #CenterWingPHYDFOFWanted %Time %Time Play
1Nathan MacKinnonNick Schmaltz122600%0:00
2Alex WennbergEvan Rodrigues122400%0:00
4 vs 4 Defense
Line #DefensePHYDFOFWanted %Time %Time Play
1Noah HanifinBrandon Carlo032600%0:00
2Charlie McAvoyAlexandre Carrier032400%0:00
Last Minutes Offensive
Left WingCenterRight WingDefenseDefense
Nick SchmaltzNathan MacKinnonMats ZuccarelloNoah HanifinBrandon Carlo
Last Minutes Defensive
Left WingCenterRight WingDefenseDefense
Nick SchmaltzNathan MacKinnonMats ZuccarelloNoah HanifinBrandon Carlo
Time
Total ForwardTotal DefenseLast Minutes OffensiveLast Minutes Defensive
60:00 60:00 0:000:00
Extra Forwards
Normal PowerPlayPenalty Kill
Evan Rodrigues, Erik Haula, Simon HolmstromEvan Rodrigues, Erik HaulaEvan Rodrigues
Extra Defensemen
Normal PowerPlayPenalty Kill
Alexandre Carrier, Erik Cernak, Will BorgenAlexandre Carrier, Alexandre CarrierErik Cernak
Penalty Shots
Nathan MacKinnon, Nick Schmaltz, Mats Zuccarello, Alex Wennberg, Evan Rodrigues
Goalie
Mackenzie Blackwood, Scott Wedgewood
Scratches
Liam O'Brien (Healthy), Sam Malinski (Healthy), Arber Xhekaj (Healthy)


Play-by-Play

1st period


0:01 of 1st period - Sean Couturier wins face-off versus Nathan MacKinnon in neutral zone.
0:16 of 1st period - Wrist shot by Nathan MacKinnon.
0:16 of 1st period - Shot Misses the Net.
0:40 of 1st period - Slapshot by Evan Rodrigues.
0:40 of 1st period - Shot Misses the Net.
0:42 of 1st period - Slapshot by Alexandre Carrier.
0:42 of 1st period - Shot Misses the Net.
0:44 of 1st period - Slapshot by Alexandre Carrier.
0:44 of 1st period - Stopped by Spencer Knight with a rebound.
0:58 of 1st period - K'Andre Miller is hit by Boone Jenner and loses puck.
1:15 of 1st period - Will Borgen is hit by Dmitry Kulikov and loses puck.
1:36 of 1st period - Lawson Crouse is hit by Will Borgen and loses puck.
1:41 of 1st period - Slapshot by Nick Schmaltz.
1:41 of 1st period - Stopped by Spencer Knight without a rebound.
1:42 of 1st period - Mats Zuccarello wins face-off versus Cole Sillinger in Canadiens zone.
1:49 of 1st period - Wrist shot by Luke Hughes.
1:49 of 1st period - Stopped by Mackenzie Blackwood with a rebound.
1:51 of 1st period - Slapshot by Brandon Duhaime.
1:51 of 1st period - Shot Misses the Net.
2:27 of 1st period - Minor Penalty to Jack Johnson for Hooking.
2:28 of 1st period - Sean Couturier wins face-off versus Nathan MacKinnon in Canadiens zone.
2:46 of 1st period - Nathan MacKinnon is hit by K'Andre Miller and loses puck.
3:43 of 1st period - Simon Benoit is hit by Charlie McAvoy and loses puck.
4:09 of 1st period - Icing by Nathan MacKinnon.
4:10 of 1st period - Nathan MacKinnon wins face-off versus Barrett Hayton in Blackhawks zone.
4:27 of 1st period - Penalty to Jack Johnson is over, Jack Johnson is back on ice.
5:15 of 1st period - Dmitry Kulikov is hit by Evan Rodrigues and loses puck.
5:22 of 1st period - Erik Cernak is hit by Lawson Crouse and loses puck.
6:18 of 1st period - Wrist shot by Noah Hanifin.
6:18 of 1st period - Shot Misses the Net.
6:23 of 1st period - Off-side.
6:24 of 1st period - Nathan MacKinnon wins face-off versus Lawson Crouse in neutral zone.
6:27 of 1st period - Noah Hanifin is hit by Lawson Crouse and loses puck.
6:55 of 1st period - Alex Wennberg is hit by Tyson Foerster and loses puck.
7:17 of 1st period - Snap shot by Matias Maccelli.
7:17 of 1st period - Shot Misses the Net.
7:54 of 1st period - Icing by Derek Ryan.
7:55 of 1st period - Nathan MacKinnon wins face-off versus Cole Sillinger in Blackhawks zone.
8:00 of 1st period - Backhand shot by Nick Schmaltz.
8:00 of 1st period - Goal by Nick Schmaltz - Canadiens : 0 - Blackhawks : 1.
8:01 of 1st period - Sean Couturier wins face-off versus Nathan MacKinnon in neutral zone.
8:27 of 1st period - Marco Rossi is hit by Evan Rodrigues.
8:35 of 1st period - Wrist shot by Erik Haula.
8:35 of 1st period - Stopped by Spencer Knight with a rebound.
8:37 of 1st period - Slapshot by Erik Haula.
8:37 of 1st period - Stopped by Spencer Knight with a rebound.
8:39 of 1st period - Snap shot by Evan Rodrigues.
8:39 of 1st period - Shot Misses the Net.
9:01 of 1st period - Simon Holmstrom is hit by Cole Sillinger and loses puck.
9:22 of 1st period - Slapshot by Nick Schmaltz.
9:22 of 1st period - Shot Misses the Net.
9:32 of 1st period - Brandon Carlo is hit by Lawson Crouse and loses puck.
10:03 of 1st period - Slapshot by Noah Hanifin.
10:03 of 1st period - Stopped by Spencer Knight without a rebound.
10:04 of 1st period - Nathan MacKinnon wins face-off versus Cole Sillinger in Canadiens zone.
10:19 of 1st period - Snap shot by Mats Zuccarello.
10:19 of 1st period - Shot Misses the Net.
10:33 of 1st period - Erik Cernak is hit by Jack Johnson and loses puck.
10:42 of 1st period - Slapshot by Luke Hughes.
10:42 of 1st period - Stopped by Mackenzie Blackwood with a rebound.
10:44 of 1st period - Snap shot by Mathew Barzal.
10:44 of 1st period - Deflect By Sean Couturier.
10:44 of 1st period - Shot Blocked by Erik Cernak.
10:44 of 1st period - Puck is out of play.
10:45 of 1st period - Nathan MacKinnon wins face-off versus Marco Rossi in Blackhawks zone.
10:50 of 1st period - Barrett Hayton is hit by Mats Zuccarello and loses puck.
11:16 of 1st period - Lawson Crouse is hit by Alex Wennberg.
11:34 of 1st period - Snap shot by Boone Jenner.
11:34 of 1st period - Shot Misses the Net.
11:54 of 1st period - Slapshot by Simon Holmstrom.
11:54 of 1st period - Goal by Simon Holmstrom - Canadiens : 0 - Blackhawks : 2.
11:55 of 1st period - Nathan MacKinnon wins face-off versus Sean Couturier in neutral zone.
12:12 of 1st period - Wrist shot by K'Andre Miller.
12:12 of 1st period - Shot Blocked by Nick Schmaltz.
12:24 of 1st period - Slapshot by Noah Hanifin.
12:24 of 1st period - Shot Misses the Net.
12:26 of 1st period - Snap shot by Evan Rodrigues.
12:26 of 1st period - Stopped by Spencer Knight without a rebound.
12:27 of 1st period - Erik Haula wins face-off versus Marco Rossi in Canadiens zone.
12:40 of 1st period - Snap shot by Barrett Hayton.
12:40 of 1st period - Deflect By Marco Rossi.
12:40 of 1st period - Shot Blocked by Charlie McAvoy.
12:40 of 1st period - Puck is out of play.
12:41 of 1st period - Nathan MacKinnon wins face-off versus Sean Couturier in Blackhawks zone.
13:20 of 1st period - Slapshot by Evan Rodrigues.
13:20 of 1st period - Stopped by Spencer Knight with a rebound.
14:00 of 1st period - Snap shot by Andrew Mangiapane.
14:00 of 1st period - Stopped by Mackenzie Blackwood without a rebound.
14:01 of 1st period - Cole Sillinger wins face-off versus Nathan MacKinnon in Blackhawks zone.
14:02 of 1st period - Snap shot by Andrew Mangiapane.
14:02 of 1st period - Shot Misses the Net.
14:15 of 1st period - Wrist shot by Cole Sillinger.
14:15 of 1st period - Deflect By Andrew Mangiapane.
14:15 of 1st period - Stopped by Mackenzie Blackwood without a rebound.
14:16 of 1st period - Sean Couturier wins face-off versus Alex Wennberg in Blackhawks zone.
14:29 of 1st period - Slapshot by Evan Rodrigues.
14:29 of 1st period - Goal by Evan Rodrigues - Canadiens : 0 - Blackhawks : 3.
14:30 of 1st period - Nathan MacKinnon wins face-off versus Sean Couturier in neutral zone.
15:16 of 1st period - Wrist shot by Sean Couturier.
15:16 of 1st period - Deflect By Lawson Crouse.
15:16 of 1st period - Shot Misses the Net.
15:16 of 1st period - Puck is out of play.
15:17 of 1st period - Nathan MacKinnon wins face-off versus Marco Rossi in Blackhawks zone.
16:27 of 1st period - Slapshot by Kaiden Guhle.
16:27 of 1st period - Stopped by Mackenzie Blackwood without a rebound.
16:28 of 1st period - Nathan MacKinnon wins face-off versus Sean Couturier in Blackhawks zone.
16:30 of 1st period - Minor Penalty to Nathan MacKinnon for High sticking.
16:31 of 1st period - Evan Rodrigues wins face-off versus Sean Couturier in Blackhawks zone.
16:31 of 1st period - Evan Rodrigues is hit by Lawson Crouse.
16:47 of 1st period - Slapshot by Mathew Barzal.
16:47 of 1st period - Shot Misses the Net.
17:39 of 1st period - Simon Benoit is hit by Erik Haula.
18:30 of 1st period - Penalty to Nathan MacKinnon is over, Nathan MacKinnon is back on ice.
19:20 of 1st period - Off-side.
19:21 of 1st period - Noel Acciari wins face-off versus Matias Maccelli in neutral zone.
19:38 of 1st period - Snap shot by Tanner Jeannot.
19:38 of 1st period - Shot Blocked by Dmitry Kulikov.
Goals for this period are 0 for Canadiens vs 3 for Blackhawks.
Shots for this period are 5 for Canadiens vs 10 for Blackhawks.

2nd period


0:01 of 2nd period - Sean Couturier wins face-off versus Nathan MacKinnon in neutral zone.
0:04 of 2nd period - Snap shot by Kaiden Guhle.
0:04 of 2nd period - Deflect By Sean Couturier.
0:04 of 2nd period - Goal by Sean Couturier - Canadiens : 1 - Blackhawks : 3.
0:05 of 2nd period - Lawson Crouse wins face-off versus Mats Zuccarello in neutral zone.
0:58 of 2nd period - Snap shot by Simon Holmstrom.
0:58 of 2nd period - Shot Blocked by Simon Benoit.
1:00 of 2nd period - Snap shot by Boone Jenner.
1:00 of 2nd period - Stopped by Spencer Knight without a rebound.
1:01 of 2nd period - Sean Couturier wins face-off versus Nathan MacKinnon in Canadiens zone.
1:06 of 2nd period - Wrist shot by Sean Couturier.
1:06 of 2nd period - Deflect By Lawson Crouse.
1:06 of 2nd period - Stopped by Mackenzie Blackwood without a rebound.
1:07 of 2nd period - Sean Couturier wins face-off versus Nathan MacKinnon in Blackhawks zone.
1:08 of 2nd period - Wrist shot by Mathew Barzal.
1:08 of 2nd period - Shot Misses the Net.
1:18 of 2nd period - Backhand shot by Nathan MacKinnon.
1:18 of 2nd period - Stopped by Spencer Knight with a rebound.
1:20 of 2nd period - Wrist shot by Nathan MacKinnon.
1:20 of 2nd period - Stopped by Spencer Knight with a rebound.
1:22 of 2nd period - Snap shot by Alexandre Carrier.
1:22 of 2nd period - Shot Blocked by K'Andre Miller.
1:24 of 2nd period - Slapshot by Charlie McAvoy.
1:24 of 2nd period - Deflect By Mats Zuccarello.
1:24 of 2nd period - Stopped by Spencer Knight without a rebound.
1:25 of 2nd period - Marco Rossi wins face-off versus Alex Wennberg in Canadiens zone.
1:40 of 2nd period - Slapshot by Evan Rodrigues.
1:40 of 2nd period - Shot Misses the Net.
1:47 of 2nd period - Icing by Luke Hughes.
1:48 of 2nd period - Nathan MacKinnon wins face-off versus Marco Rossi in Canadiens zone.
1:49 of 2nd period - Wrist shot by Mats Zuccarello.
1:49 of 2nd period - Shot Blocked by Jack Johnson.
1:53 of 2nd period - Snap shot by Nathan MacKinnon.
1:53 of 2nd period - Stopped by Spencer Knight without a rebound.
1:54 of 2nd period - Lawson Crouse wins face-off versus Nathan MacKinnon in Canadiens zone.
2:05 of 2nd period - Wrist shot by Lawson Crouse.
2:05 of 2nd period - Shot Hit the Post.
2:30 of 2nd period - Off-side.
2:31 of 2nd period - Nathan MacKinnon wins face-off versus Matias Maccelli in neutral zone.
2:40 of 2nd period - Snap shot by Nick Schmaltz.
2:40 of 2nd period - Shot Blocked by K'Andre Miller.
3:06 of 2nd period - Wrist shot by Lawson Crouse.
3:06 of 2nd period - Stopped by Mackenzie Blackwood with a rebound.
3:08 of 2nd period - Wrist shot by Lawson Crouse.
3:08 of 2nd period - Shot Misses the Net.
3:24 of 2nd period - Slapshot by Luke Hughes.
3:24 of 2nd period - Shot Misses the Net.
3:34 of 2nd period - Wrist shot by Erik Haula.
3:34 of 2nd period - Shot Blocked by Jack Johnson.
3:36 of 2nd period - Snap shot by Erik Haula.
3:36 of 2nd period - Deflect By Evan Rodrigues.
3:36 of 2nd period - Stopped by Spencer Knight with a rebound.
3:44 of 2nd period - Wrist shot by Alex Wennberg.
3:44 of 2nd period - Stopped by Spencer Knight with a rebound.
3:46 of 2nd period - Wrist shot by Erik Haula.
3:46 of 2nd period - Stopped by Spencer Knight without a rebound.
3:47 of 2nd period - Sean Couturier wins face-off versus Nathan MacKinnon in Canadiens zone.
4:02 of 2nd period - Snap shot by Mathew Barzal.
4:02 of 2nd period - Stopped by Mackenzie Blackwood without a rebound.
4:03 of 2nd period - Boone Jenner wins face-off versus Andrew Mangiapane in Blackhawks zone.
4:18 of 2nd period - Joel Kiviranta is hit by Cole Sillinger and loses puck.
4:29 of 2nd period - Mats Zuccarello is hit by Mathew Barzal and loses puck.
5:02 of 2nd period - Snap shot by Nick Bjugstad.
5:02 of 2nd period - Shot Misses the Net.
5:16 of 2nd period - Alex Wennberg is hit by Barrett Hayton and loses puck.
5:33 of 2nd period - Brandon Carlo is hit by Cole Sillinger.
6:19 of 2nd period - Slapshot by K'Andre Miller.
6:19 of 2nd period - Stopped by Mackenzie Blackwood without a rebound.
6:20 of 2nd period - Mats Zuccarello wins face-off versus Sean Couturier in Blackhawks zone.
7:23 of 2nd period - Off-side.
7:24 of 2nd period - Marco Rossi wins face-off versus Nathan MacKinnon in neutral zone.
7:31 of 2nd period - Snap shot by Marco Rossi.
7:31 of 2nd period - Shot Blocked by Alexandre Carrier.
7:33 of 2nd period - Snap shot by Tyson Foerster.
7:33 of 2nd period - Shot Misses the Net.
7:35 of 2nd period - Snap shot by Tyson Foerster.
7:35 of 2nd period - Stopped by Mackenzie Blackwood without a rebound.
7:36 of 2nd period - Matias Maccelli wins face-off versus Nathan MacKinnon in Blackhawks zone.
8:34 of 2nd period - Slapshot by K'Andre Miller.
8:34 of 2nd period - Stopped by Mackenzie Blackwood without a rebound.
8:35 of 2nd period - Nathan MacKinnon wins face-off versus Lawson Crouse in Blackhawks zone.
9:01 of 2nd period - Noah Hanifin is hit by Cole Sillinger and loses puck.
9:26 of 2nd period - Slapshot by Alexandre Carrier.
9:26 of 2nd period - Shot Misses the Net.
10:10 of 2nd period - Snap shot by Nick Bjugstad.
10:10 of 2nd period - Shot Misses the Net.
10:12 of 2nd period - Wrist shot by Matias Maccelli.
10:12 of 2nd period - Stopped by Mackenzie Blackwood with a rebound.
10:14 of 2nd period - Snap shot by Sam Lafferty.
10:14 of 2nd period - Stopped by Mackenzie Blackwood without a rebound.
10:15 of 2nd period - Cole Sillinger wins face-off versus Alex Wennberg in Blackhawks zone.
10:24 of 2nd period - Snap shot by Erik Haula.
10:24 of 2nd period - Shot Blocked by Brandon Duhaime.
10:26 of 2nd period - Snap shot by Evan Rodrigues.
10:26 of 2nd period - Deflect By Luke Hughes.
10:26 of 2nd period - Stopped by Spencer Knight with a rebound.
10:28 of 2nd period - Wrist shot by Evan Rodrigues.
10:28 of 2nd period - Shot Blocked by Jack Johnson.
10:30 of 2nd period - Snap shot by Alex Wennberg.
10:30 of 2nd period - Shot Misses the Net.
10:32 of 2nd period - Slapshot by Noah Hanifin.
10:32 of 2nd period - Stopped by Spencer Knight without a rebound.
10:33 of 2nd period - Nathan MacKinnon wins face-off versus Marco Rossi in Canadiens zone.
11:09 of 2nd period - Slapshot by Evan Rodrigues.
11:09 of 2nd period - Shot Misses the Net.
11:11 of 2nd period - Backhand shot by Alex Wennberg.
11:11 of 2nd period - Shot Misses the Net.
11:23 of 2nd period - Joel Kiviranta is hit by Cole Sillinger and loses puck.
11:32 of 2nd period - Slapshot by Boone Jenner.
11:32 of 2nd period - Stopped by Spencer Knight without a rebound.
11:33 of 2nd period - Nathan MacKinnon wins face-off versus Marco Rossi in Canadiens zone.
12:02 of 2nd period - Snap shot by Mathew Barzal.
12:02 of 2nd period - Stopped by Mackenzie Blackwood with a rebound.
12:04 of 2nd period - Slapshot by Kaiden Guhle.
12:04 of 2nd period - Stopped by Mackenzie Blackwood with a rebound.
12:08 of 2nd period - Wrist shot by Sean Couturier.
12:08 of 2nd period - Shot Misses the Net.
12:10 of 2nd period - Slapshot by Sean Couturier.
12:10 of 2nd period - Stopped by Mackenzie Blackwood without a rebound.
12:11 of 2nd period - Sean Couturier wins face-off versus Nathan MacKinnon in Blackhawks zone.
12:38 of 2nd period - Luke Hughes is hit by Evan Rodrigues and loses puck.
13:10 of 2nd period - Slapshot by Simon Benoit.
13:10 of 2nd period - Stopped by Mackenzie Blackwood with a rebound.
13:58 of 2nd period - Nathan MacKinnon is hit by Sean Couturier and loses puck.
14:09 of 2nd period - Lawson Crouse is hit by Brandon Carlo and loses puck.
14:16 of 2nd period - Snap shot by Lawson Crouse.
14:16 of 2nd period - Shot Misses the Net.
14:22 of 2nd period - Snap shot by Mathew Barzal.
14:22 of 2nd period - Shot Blocked by Brandon Carlo.
14:24 of 2nd period - Slapshot by Kaiden Guhle.
14:24 of 2nd period - Shot Misses the Net.
14:26 of 2nd period - Slapshot by Simon Benoit.
14:26 of 2nd period - Stopped by Mackenzie Blackwood with a rebound.
14:28 of 2nd period - Slapshot by Simon Benoit.
14:28 of 2nd period - Stopped by Mackenzie Blackwood with a rebound.
14:30 of 2nd period - Snap shot by Sean Couturier.
14:30 of 2nd period - Stopped by Mackenzie Blackwood without a rebound.
14:31 of 2nd period - Cole Sillinger wins face-off versus Alex Wennberg in Blackhawks zone.
14:34 of 2nd period - Wrist shot by Brandon Duhaime.
14:34 of 2nd period - Stopped by Mackenzie Blackwood with a rebound.
14:58 of 2nd period - Brandon Duhaime is hit by Tanner Jeannot and loses puck.
15:33 of 2nd period - Slapshot by Charlie McAvoy.
15:33 of 2nd period - Stopped by Spencer Knight with a rebound.
15:57 of 2nd period - Snap shot by Derek Ryan.
15:57 of 2nd period - Stopped by Spencer Knight with a rebound.
15:59 of 2nd period - Snap shot by Tanner Jeannot.
15:59 of 2nd period - Goal by Tanner Jeannot - Canadiens : 1 - Blackhawks : 4.
16:00 of 2nd period - Nathan MacKinnon wins face-off versus Matias Maccelli in neutral zone.
16:03 of 2nd period - Matias Maccelli is hit by Nick Schmaltz.
16:09 of 2nd period - Slapshot by Luke Hughes.
16:09 of 2nd period - Shot Hit the Post.
16:11 of 2nd period - Snap shot by Matias Maccelli.
16:11 of 2nd period - Shot Misses the Net.
16:13 of 2nd period - Wrist shot by Matias Maccelli.
16:13 of 2nd period - Shot Misses the Net.
16:15 of 2nd period - Slapshot by Jack Johnson.
16:15 of 2nd period - Stopped by Mackenzie Blackwood without a rebound.
16:16 of 2nd period - Marco Rossi wins face-off versus Alex Wennberg in Blackhawks zone.
16:31 of 2nd period - Jack Johnson is hit by Noah Hanifin and loses puck.
16:46 of 2nd period - Sean Couturier is hit by Erik Cernak and loses puck.
16:55 of 2nd period - Snap shot by Nick Schmaltz.
16:55 of 2nd period - Shot Misses the Net.
17:07 of 2nd period - Mathew Barzal is hit by Tanner Jeannot and loses puck.
17:14 of 2nd period - Wrist shot by Noel Acciari.
17:14 of 2nd period - Shot Misses the Net.
17:16 of 2nd period - Wrist shot by Noel Acciari.
17:16 of 2nd period - Shot Blocked by Lawson Crouse.
17:36 of 2nd period - Slapshot by Luke Hughes.
17:36 of 2nd period - Stopped by Mackenzie Blackwood with a rebound.
17:38 of 2nd period - Slapshot by Sam Lafferty.
17:38 of 2nd period - Shot Blocked by Charlie McAvoy.
17:42 of 2nd period - Snap shot by Nick Bjugstad.
17:42 of 2nd period - Stopped by Mackenzie Blackwood without a rebound.
17:43 of 2nd period - Nick Schmaltz wins face-off versus Marco Rossi in Blackhawks zone.
17:43 of 2nd period - Nick Schmaltz is hit by Tyson Foerster.
17:55 of 2nd period - Snap shot by Mats Zuccarello.
17:55 of 2nd period - Stopped by Spencer Knight without a rebound.
17:56 of 2nd period - Nathan MacKinnon wins face-off versus Matias Maccelli in Canadiens zone.
17:59 of 2nd period - Snap shot by Mats Zuccarello.
17:59 of 2nd period - Stopped by Spencer Knight with a rebound.
18:01 of 2nd period - Slapshot by Noah Hanifin.
18:01 of 2nd period - Stopped by Spencer Knight without a rebound.
18:02 of 2nd period - Nathan MacKinnon wins face-off versus Matias Maccelli in Canadiens zone.
18:15 of 2nd period - Mats Zuccarello is hit by Matias Maccelli and loses puck.
18:22 of 2nd period - Nathan MacKinnon is hit by Nick Bjugstad and loses puck.
18:49 of 2nd period - Minor Penalty to Kaiden Guhle for Cross-checking.
18:50 of 2nd period - Alex Wennberg wins face-off versus Sean Couturier in Canadiens zone.
19:24 of 2nd period - Lawson Crouse is hit by Nick Schmaltz and loses puck.
Goals for this period are 1 for Canadiens vs 1 for Blackhawks.
Shots for this period are 20 for Canadiens vs 17 for Blackhawks.

3rd period


0:01 of 3rd period - Nathan MacKinnon wins face-off versus Sean Couturier in neutral zone.
0:33 of 3rd period - Snap shot by Evan Rodrigues.
0:33 of 3rd period - Stopped by Spencer Knight without a rebound.
0:34 of 3rd period - Alex Wennberg wins face-off versus Sean Couturier in Canadiens zone.
0:49 of 3rd period - Penalty to Kaiden Guhle is over, Kaiden Guhle is back on ice.
1:07 of 3rd period - Wrist shot by Barrett Hayton.
1:07 of 3rd period - Shot Misses the Net.
1:09 of 3rd period - Slapshot by Luke Hughes.
1:09 of 3rd period - Shot Hit the Post.
1:11 of 3rd period - Slapshot by Simon Benoit.
1:11 of 3rd period - Shot Misses the Net.
1:25 of 3rd period - Snap shot by Andrew Mangiapane.
1:25 of 3rd period - Stopped by Mackenzie Blackwood without a rebound.
1:26 of 3rd period - Boone Jenner wins face-off versus Cole Sillinger in Blackhawks zone.
1:26 of 3rd period - Boone Jenner is hit by Brandon Duhaime.
1:43 of 3rd period - Noah Hanifin is hit by Dmitry Kulikov and loses puck.
1:46 of 3rd period - Minor Penalty to Brandon Duhaime for Holding.
1:47 of 3rd period - Sean Couturier wins face-off versus Nathan MacKinnon in Canadiens zone.
2:42 of 3rd period - Barrett Hayton is hit by Nick Schmaltz and loses puck.
3:46 of 3rd period - Penalty to Brandon Duhaime is over, Brandon Duhaime is back on ice.
3:47 of 3rd period - Sam Lafferty is hit by Evan Rodrigues and loses puck.
4:16 of 3rd period - Slapshot by Noel Acciari.
4:16 of 3rd period - Shot Misses the Net.
4:18 of 3rd period - Snap shot by Derek Ryan.
4:18 of 3rd period - Goal by Derek Ryan - Canadiens : 1 - Blackhawks : 5.
4:19 of 3rd period - Nathan MacKinnon wins face-off versus Sean Couturier in neutral zone.
5:29 of 3rd period - Slapshot by Nathan MacKinnon.
5:29 of 3rd period - Goal by Nathan MacKinnon - Canadiens : 1 - Blackhawks : 6.
5:30 of 3rd period - Sean Couturier wins face-off versus Nathan MacKinnon in neutral zone.
5:56 of 3rd period - Tyson Foerster is hit by Erik Haula and loses puck.
6:39 of 3rd period - Slapshot by Charlie McAvoy.
6:39 of 3rd period - Shot Misses the Net.
6:41 of 3rd period - Slapshot by Noel Acciari.
6:41 of 3rd period - Deflect By Derek Ryan.
6:41 of 3rd period - Stopped by Spencer Knight with a rebound.
8:53 of 3rd period - Snap shot by Marco Rossi.
8:53 of 3rd period - Stopped by Mackenzie Blackwood without a rebound.
8:54 of 3rd period - Matias Maccelli wins face-off versus Nathan MacKinnon in Blackhawks zone.
9:11 of 3rd period - Snap shot by Nick Schmaltz.
9:11 of 3rd period - Deflect By Mats Zuccarello.
9:11 of 3rd period - Stopped by Spencer Knight without a rebound.
9:12 of 3rd period - Alex Wennberg wins face-off versus Sean Couturier in Canadiens zone.
9:42 of 3rd period - Off-side.
9:43 of 3rd period - Nathan MacKinnon wins face-off versus Cole Sillinger in neutral zone.
9:50 of 3rd period - Backhand shot by Nathan MacKinnon.
9:50 of 3rd period - Stopped by Spencer Knight with a rebound.
10:11 of 3rd period - Snap shot by Sean Couturier.
10:11 of 3rd period - Stopped by Mackenzie Blackwood with a rebound.
10:13 of 3rd period - Slapshot by Dmitry Kulikov.
10:13 of 3rd period - Stopped by Mackenzie Blackwood with a rebound.
10:15 of 3rd period - Snap shot by Lawson Crouse.
10:15 of 3rd period - Shot Blocked by Joel Kiviranta.
10:17 of 3rd period - Snap shot by Sean Couturier.
10:17 of 3rd period - Stopped by Mackenzie Blackwood without a rebound.
10:18 of 3rd period - Nathan MacKinnon wins face-off versus Sean Couturier in Blackhawks zone.
11:11 of 3rd period - Slapshot by Luke Hughes.
11:11 of 3rd period - Stopped by Mackenzie Blackwood with a rebound.
11:31 of 3rd period - Slapshot by Brandon Duhaime.
11:31 of 3rd period - Stopped by Mackenzie Blackwood with a rebound.
11:53 of 3rd period - Kaiden Guhle is hit by Mats Zuccarello and loses puck.
12:31 of 3rd period - Simon Benoit is hit by Erik Cernak and loses puck.
12:42 of 3rd period - Marco Rossi is hit by Charlie McAvoy.
13:01 of 3rd period - Slapshot by Sam Lafferty.
13:01 of 3rd period - Shot Misses the Net.
13:03 of 3rd period - Slapshot by Simon Benoit.
13:03 of 3rd period - Stopped by Mackenzie Blackwood without a rebound.
13:04 of 3rd period - Lawson Crouse wins face-off versus Nathan MacKinnon in Blackhawks zone.
13:11 of 3rd period - Wrist shot by Sean Couturier.
13:11 of 3rd period - Shot Misses the Net.
13:19 of 3rd period - Snap shot by Sean Couturier.
13:19 of 3rd period - Shot Misses the Net.
13:21 of 3rd period - Snap shot by Sean Couturier.
13:21 of 3rd period - Shot Misses the Net.
14:40 of 3rd period - Wrist shot by Tanner Jeannot.
14:40 of 3rd period - Stopped by Spencer Knight without a rebound.
14:41 of 3rd period - Noel Acciari wins face-off versus Marco Rossi in Canadiens zone.
14:52 of 3rd period - Snap shot by Kaiden Guhle.
14:52 of 3rd period - Deflect By Tanner Jeannot.
14:52 of 3rd period - Stopped by Mackenzie Blackwood with a rebound.
15:00 of 3rd period - Snap shot by Alexandre Carrier.
15:00 of 3rd period - Stopped by Spencer Knight without a rebound.
15:01 of 3rd period - Nathan MacKinnon wins face-off versus Lawson Crouse in Canadiens zone.
15:52 of 3rd period - Charlie McAvoy is hit by Brandon Duhaime and loses puck.
16:44 of 3rd period - Snap shot by Lawson Crouse.
16:44 of 3rd period - Stopped by Mackenzie Blackwood without a rebound.
16:45 of 3rd period - Nathan MacKinnon wins face-off versus Mathew Barzal in Blackhawks zone.
17:16 of 3rd period - Slapshot by Tyson Foerster.
17:16 of 3rd period - Stopped by Mackenzie Blackwood without a rebound.
17:17 of 3rd period - Marco Rossi wins face-off versus Erik Haula in Blackhawks zone.
17:30 of 3rd period - Charlie McAvoy is hit by Tyson Foerster and loses puck.
17:47 of 3rd period - Slapshot by Alexandre Carrier.
17:47 of 3rd period - Stopped by Spencer Knight without a rebound.
17:48 of 3rd period - Noel Acciari wins face-off versus Sean Couturier in Canadiens zone.
19:11 of 3rd period - Slapshot by Evan Rodrigues.
19:11 of 3rd period - Shot Blocked by Simon Benoit.
19:29 of 3rd period - Snap shot by Simon Holmstrom.
19:29 of 3rd period - Shot Misses the Net.
19:31 of 3rd period - Slapshot by Simon Holmstrom.
19:31 of 3rd period - Shot Misses the Net.
19:52 of 3rd period - Off-side.
19:53 of 3rd period - Nathan MacKinnon wins face-off versus Lawson Crouse in neutral zone.
Goals for this period are 0 for Canadiens vs 2 for Blackhawks.
Shots for this period are 11 for Canadiens vs 9 for Blackhawks.